Map: Overgrowth LE (Void)

Players

Amix - Winner!

  • Race: Zerg Zerg
  • League: Platinum
  • Spawn Location: 7:00

Jackaching

  • Race: Zerg Zerg
  • League: Gold
  • Spawn Location: 1:00

VOD

Have the link to the VOD?

Description

Time

  • Played on: Nov. 28, 2016, 1:26 p.m.
  • Length: 3:46
Show
View Real Time Build Order
Export as new Build Order

Amix Zerg - Winner!

Build Orders: Pool Only 

Get SALT Encoding   

  12  0:01  Drone  
  13  0:12  Drone  
  14  0:27  Spawning Pool  
  13  0:30  Drone  
  13  0:33  Extractor  
  13  0:35  Drone  
  14  0:44  Overlord  
  14  1:14  Zergling x6  
  17  1:18  Queen  
  19  1:25  Zergling x2  
  20  1:37  Zergling x2  
  21  1:44  Metabolic Boost  
  21  1:46  Overlord  
  21  2:10  Baneling Nest  
  18  2:32  Zergling x6  
  20  2:49  Zergling x6  
  23  3:03  Baneling x3  
  23  3:04  Baneling x2  
  23  3:10  Zergling x2  
  23  3:11  Zergling x2  
  25  3:26  Zergling x6  
Show
View Real Time Build Order
Export as new Build Order

Jackaching Zerg 

Build Orders: Hatch First 

Get SALT Encoding   

  12  0:04  Drone  
  13  0:09  Drone  
  14  0:19  Extractor  
  14  0:20  Drone  
  15  0:48  Hatchery  
  14  1:02  Spawning Pool  
  14  1:03  Drone x2, Extractor  
  14  1:15  Overlord  
  14  1:33  Drone  
  14  1:34  Drone  
  16  1:42  Drone  
  17  1:49  Queen  
  19  2:02  Zergling x4  
  19  2:03  Zergling x2  
  22  2:18  Zergling x4  
  22  2:35  Zergling x2  
  23  2:50  Drone, Zergling x4  
  26  2:56  Drone x2  
  28  3:19  Overlord  
  28  3:20  Overlord  
  28  3:28  Spine Crawler  
  28  3:29  Drone  
Tags
 
Add a new tag
Caveats
  • Supply blocks, unpowered buildings, or Contaminate may cause inaccurate times.
  • Supply counts are checked every 10 seconds.